[Event "Titled Tuesday Blitz January 03 Late 2023"]
[White "Vovk, Orest"]
[Black "Omelja, Artem"]
[WhiteFideId "14113490"]
[BlackFideId "14119846"]
[WhiteElo "2315"]
[BlackElo "2446"]
[Result "1/2-1/2"]
[Round "06"]
[TimeControl "180+2"]
[Date "2023.01.03"]
[WhiteClock "0:00:11"]
[BlackClock "0:00:04"]

1. h4 d5 2. h5 h6 3. e4 dxe4 4. Nc3 Nf6 5. Qe2 Nc6 6. Nxe4 e6 7. Nf3 Be7 8. b3 b6 9. Bb2 Bb7 10. Nxf6+ Bxf6 11. O-O-O Bxb2+ 12. Kxb2 Qf6+ 13. c3 O-O-O 14. Rh4 Rhe8 15. Ra4 Kb8 16. Qe3 Ne7 17. Ba6 Nd5 18. Qe5 Qxe5 19. Nxe5 f6 20. Bxb7 fxe5 21. Bxd5 exd5 22. Rg4 Rd7 23. Re1 Rf7 24. f3 Kc8 25. d4 e4 26. fxe4 dxe4 27. Rexe4 Rxe4 28. Rxe4 Rf2+ 29. Ka3 Rxg2 30. Re7 a5 31. c4 Rg5 32. Ka4 c6 33. Rf7 Rxh5 34. Rxg7 Rh4 35. Rg6 Kb7 36. Rg7+ Ka6 37. Rg6 Kb7 38. Rg7+ Ka6 39. Rg6 Rxd4 40. Rxc6 h5 41. Rh6 h4 42. Ka3 Kb7 43. Kb2 Rg4 44. a3 a4 45. bxa4 Rxc4 46. Kb3 Rg4 47. Rh7+ Ka6 48. Rh6 Rg3+ 49. Kb4 Rg4+ 50. Kb3 Kb7 51. Rh7+ Kc6 52. Rh6+ Kc5 53. Rh5+ Kc6 54. Rh6+ Kc7 55. Rh7+ Kb8 56. Rh8+ Ka7 57. Rh7+ Ka6 58. Rh6 1/2-1/2


[Site "https://www.chess.com"]

[Event "Titled Tuesday Blitz January 03 Late 2023"]
[White "Donskov, Anatoly"]
[Black "Poliakova, Varvara"]
[WhiteFideId "24143413"]
[BlackFideId "13518313"]
[WhiteElo "2279"]
[BlackElo "2010"]
[Result "0-1"]
[Round "06"]
[TimeControl "180+2"]
[Date "2023.01.03"]
[WhiteClock "0:00:51"]
[BlackClock "0:00:37"]

1. e4 e5 2. Nf3 Nc6 3. Bb5 a6 4. Ba4 Nf6 5. O-O Be7 6. Re1 b5 7. Bb3 d6 8. d3 O-O 9. a4 Na5 10. Ba2 b4 11. Nbd2 c5 12. c3 Nc6 13. Nf1 Be6 14. Bxe6 fxe6 15. d4 cxd4 16. cxd4 exd4 17. Nxd4 Nxd4 18. Qxd4 Ng4 19. Be3 Bf6 20. Qxb4 Rb8 21. Qc4 Qe7 22. Re2 Bxb2 23. Rb1 Be5 24. Rxb8 Rxb8 25. Qxa6 Rb1 26. g3 Qf6 27. Kg2 Bd4 28. Qa8+ Kf7 29. Bxd4 Qxd4 30. Rc2 Qb6 31. a5 Qb5 32. Rc7+ Kg6 33. Qe8+ Qxe8 0-1


[Site "https://www.chess.com"]

[Event "Titled Tuesday Blitz January 03 Late 2023"]
[White "Gonzalez, Francisco Silva"]
[Black "Guerra Rivera, Salvador"]
[WhiteFideId "1512285"]
[BlackFideId "32096542"]
[WhiteElo "2021"]
[BlackElo "2290"]
[Result "1-0"]
[Round "06"]
[TimeControl "180+2"]
[Date "2023.01.03"]
[WhiteClock "0:02:29"]
[BlackClock "0:01:46"]

1. d4 d6 2. e4 e5 3. c3 Nf6 4. f3 g6 5. d5 Bg7 6. c4 O-O 7. Nc3 Nh5 8. Be3 f5 9. Qd2 Nd7 10. Bd3 Nc5 11. Bc2 fxe4 12. Bxe4 Nxe4 13. Nxe4 Bf5 14. Bg5 Qe8 15. O-O-O Bxe4 16. fxe4 Qa4 17. b3 Qa3+ 18. Kb1 Nf4 19. g3 Nh3 20. Nxh3 Rf3 21. Qb2 Qc5 22. Qe2 Raf8 23. Rdf1 h6 24. Bc1 Rxf1 25. Rxf1 Re8 26. Be3 Qb4 27. Qd2 Qa3 28. Bxh6 1-0


[Site "https://www.chess.com"]

[Event "Titled Tuesday Blitz January 03 Late 2023"]
[White "Pino Perez, Lazaro"]
[Black "Klose, Eli"]
[WhiteFideId "3517055"]
[BlackFideId "16242955"]
[WhiteElo "2142"]
[BlackElo "1519"]
[Result "0-1"]
[Round "06"]
[TimeControl "180+2"]
[Date "2023.01.03"]
[WhiteClock "0:02:26"]
[BlackClock "0:02:46"]

1. d4 Nf6 2. Bf4 c5 3. d5 b5 4. e4 Nxe4 5. Qf3 Qa5+ 6. Nd2 Nxd2 7. Bxd2 Qb6 8. O-O-O d6 9. h4 Nd7 10. h5 Nf6 11. Bg5 Bg4 0-1


[Site "https://www.chess.com"]

[Event "Titled Tuesday Blitz January 03 Late 2023"]
[White "Corredor Castellanos, Camilo"]
[Black "Cruz Mendez, Jean Marco"]
[WhiteFideId "4425871"]
[BlackFideId "3526402"]
[WhiteElo "1957"]
[BlackElo "2270"]
[Result "0-1"]
[Round "06"]
[TimeControl "180+2"]
[Date "2023.01.03"]
[WhiteClock "0:00:15"]
[BlackClock "0:00:27"]

1. e4 e5 2. Bc4 Nf6 3. d3 c6 4. Nf3 Bd6 5. O-O O-O 6. c3 Bc7 7. Bb3 d5 8. Qe2 Re8 9. h3 h6 10. Rd1 Nbd7 11. Nbd2 Nf8 12. Nf1 Ng6 13. Ng3 Nf4 14. Bxf4 exf4 15. Nf1 Qe7 16. Re1 dxe4 17. dxe4 Nd7 18. e5 Nc5 19. Bc2 a5 20. b4 axb4 21. cxb4 Ne6 22. Qe4 g6 23. h4 h5 24. Bb3 Bb6 25. N1d2 Rd8 26. Rad1 Kg7 27. Bxe6 Bxe6 28. Qxf4 Rxa2 29. Ne4 Rd5 30. Nc3 Rxd1 31. Nxd1 Qd7 32. Qf6+ Kg8 33. Ng5 Bd8 34. Qf4 Bxg5 35. Qxg5 Qd4 36. Ne3 Qxb4 37. Rd1 Rd2 38. Qd8+ Rxd8 39. Rxd8+ Kg7 0-1


[Site "https://www.chess.com"]

[Event "Titled Tuesday Blitz January 03 Late 2023"]
[White "Eisa Mohmood, Alkhoori"]
[Black "Martinez Reyes, Pedro Ramon"]
[WhiteFideId "9316116"]
[BlackFideId "3901807"]
[WhiteElo "1095"]
[BlackElo "2376"]
[Result "0-1"]
[Round "06"]
[TimeControl "180+2"]
[Date "2023.01.03"]
[WhiteClock "0:00:47"]
[BlackClock "0:02:19"]

1. e4 e6 2. d4 d5 3. e5 c5 4. c3 Qb6 5. Nf3 Bd7 6. Bd3 Bb5 7. O-O Bxd3 8. Qxd3 Qa6 9. Qe3 cxd4 10. cxd4 Nc6 11. Nc3 Nge7 12. h4 Nf5 13. Qf4 h5 14. Nxd5 O-O-O 15. Nc3 Ncxd4 16. Nxd4 Rxd4 17. Ne4 Qc4 18. f3 Bc5 19. Be3 Rxe4 20. fxe4 Bxe3+ 21. Qxe3 Nxe3 22. Rac1 Nc2 23. Rf2 Kb8 24. Rcxc2 Qd4 25. Re2 Rc8 26. Kh2 Qxe5+ 27. g3 f6 0-1


[Site "https://www.chess.com"]

[Event "Titled Tuesday Blitz January 03 Late 2023"]
[White "Blanco Ronquillo, Humberto L."]
[Black "Gasparyan, David"]
[WhiteFideId "3504239"]
[BlackFideId "13311980"]
[WhiteElo "2442"]
[BlackElo "2142"]
[Result "1-0"]
[Round "06"]
[TimeControl "180+2"]
[Date "2023.01.03"]
[WhiteClock "0:01:07"]
[BlackClock "0:00:01"]

1. e4 c5 2. Nf3 Nc6 3. Bb5 Qc7 4. O-O g6 5. Re1 Bg7 6. c3 Nf6 7. d4 cxd4 8. cxd4 O-O 9. Nc3 a6 10. Bf1 d6 11. Bg5 Qa5 12. a3 Bg4 13. Be3 Rac8 14. h3 Bxf3 15. Qxf3 b5 16. g4 e5 17. dxe5 Nxe5 18. Qe2 Nc4 19. Bd4 Rfe8 20. Qf3 Nd2 21. Qf4 Nb3 22. Bxf6 Nxa1 23. Rxa1 b4 24. Nd5 Rc2 25. Bxg7 Kxg7 26. Qf6+ Kg8 27. Nxb4 Qc5 28. Nxc2 Qxc2 29. Re1 Re6 30. Qd4 d5 31. e5 h5 32. Bg2 hxg4 33. hxg4 Rc6 34. Bxd5 Rc7 35. e6 Kf8 36. exf7 Qe2 37. Rxe2 Rc1+ 38. Kg2 g5 39. Qh8# 1-0


[Site "https://www.chess.com"]

[Event "Titled Tuesday Blitz January 03 Late 2023"]
[White "Weetik, Vjacheslav"]
[Black "Quinones Garcia, Santiago"]
[WhiteFideId "4153472"]
[BlackFideId "4408497"]
[WhiteElo "2423"]
[BlackElo "2248"]
[Result "0-1"]
[Round "06"]
[TimeControl "180+2"]
[Date "2023.01.03"]
[WhiteClock "0:00:09"]
[BlackClock "0:00:07"]

1. d4 Nf6 2. Nf3 g6 3. Bg5 Bg7 4. c3 O-O 5. Nbd2 d5 6. e3 c6 7. Be2 Nbd7 8. a4 b6 9. a5 b5 10. b4 Qc7 11. Bf4 Qd8 12. h3 Re8 13. Ne5 Nxe5 14. Bxe5 Nd7 15. Bxg7 Kxg7 16. O-O f6 17. e4 e6 18. Re1 f5 19. exd5 exd5 20. Bf1 Nf6 21. Nb3 Bd7 22. f3 Qc7 23. Qd2 f4 24. Nc5 Bf5 25. Rxe8 Rxe8 26. Re1 Rxe1 27. Qxe1 Kf7 28. Bd3 Bxd3 29. Nxd3 Qd6 30. Qe5 Ne8 31. Qxd6 Nxd6 32. Ne5+ Ke6 33. Nxc6 Nc8 34. Kf2 g5 35. g3 Kd6 36. Ne5 Ke6 37. h4 h6 38. h5 Ne7 39. Kg2 Kf5 40. g4+ Ke6 41. Kf2 Kf6 42. Ke2 Ke6 43. Kd2 Kf6 44. Nd7+ Ke6 45. Nc5+ Kd6 46. Nd3 Nc6 47. Kc2 Kc7 48. Ne5 Ne7 49. Nf7 Ng8 50. Kd3 Kd7 51. a6 Kc7 52. Kc2 Kb6 53. Nd8 Kxa6 54. Ne6 Kb6 55. Kb3 Kc6 56. Nc5 Kb6 57. Nd3 Ne7 58. Ne5 Kc7 59. Nf7 Ng8 60. Kc2 Kb6 61. Nd6 Kc6 62. Nf5 Kb6 63. Kd3 Kc6 64. Ng7 Kb6 65. Ne6 Kc6 66. Nc5 Kb6 67. Kc2 Kc6 68. Kb3 Kb6 69. Nd3 Kc6 70. Ne5+ Kb6 71. Ka3 Nf6 72. Nf7 Ng8 73. Nd8 Nf6 74. Ne6 Nxg4 0-1


[Site "https://www.chess.com"]

[Event "Titled Tuesday Blitz January 03 Late 2023"]
[White "Pinheiro, Iung Alicio de O."]
[Black "Strahov, Andrej"]
[WhiteFideId "2104350"]
[BlackFideId "4165489"]
[WhiteElo "2306"]
[BlackElo "2398"]
[Result "0-1"]
[Round "06"]
[TimeControl "180+2"]
[Date "2023.01.03"]
[WhiteClock "0:00:09"]
[BlackClock "0:00:49"]

1. e4 c5 2. Nf3 d6 3. d4 cxd4 4. Nxd4 Nf6 5. Nc3 g6 6. Be3 Bg7 7. f3 Nc6 8. Qd2 O-O 9. O-O-O d5 10. exd5 Nxd5 11. Nxc6 bxc6 12. Bd4 e5 13. Bc5 Re8 14. Ne4 Qc7 15. g4 Be6 16. h4 h6 17. h5 f5 18. Nd6 Red8 19. gxf5 gxf5 20. Rg1 Kh7 21. Bd3 Rxd6 22. Bxd6 Qxd6 23. Rxg7+ Kxg7 24. Rg1+ Kh7 25. c4 Rd8 26. Rg6 Nf4 27. Rxe6 Nxd3+ 0-1


[Site "https://www.chess.com"]

[Event "Titled Tuesday Blitz January 03 Late 2023"]
[White "Egorov, Evgeny"]
[Black "benny_aizenberg"]
[WhiteFideId "13700421"]
[WhiteElo "2294"]
[BlackElo "2507"]
[Result "0-1"]
[Round "06"]
[TimeControl "180+2"]
[Date "2023.01.03"]
[WhiteClock "0:00:02"]
[BlackClock "0:00:06"]

1. e4 c5 2. Nc3 Nc6 3. Nge2 g6 4. d4 cxd4 5. Nxd4 Bg7 6. Nb3 Nf6 7. Be2 O-O 8. O-O d6 9. Re1 Be6 10. Bf1 a5 11. a4 Rc8 12. Nd5 Nb4 13. c4 Nfxd5 14. exd5 Bf5 15. Bg5 Re8 16. Nd4 Bxd4 17. Qxd4 Nc2 18. Qc3 Nxa1 19. Rxa1 Qb6 20. Re1 f6 21. Be3 Qb4 22. Qxb4 axb4 23. Bd2 b3 24. Bc3 Kf7 25. a5 Rc5 26. f3 Ra8 27. Ra1 b6 28. a6 Rc7 29. Bd4 Rca7 30. Ra3 Bc2 31. Ra4 Rxa6 32. Rb4 Ra1 33. Kf2 Rd1 34. Bc3 Ra2 35. Rxb6 Ke8 36. Rb8+ Kd7 37. Rb7+ Kd8 38. Be2 Rc1 39. Ke3 Rca1 40. h4 Ra7 41. Rb5 Kc7 42. h5 gxh5 43. c5 dxc5 44. Rxc5+ Kd6 45. Bb4 R1a4 46. Rb5+ Kd7 47. f4 h4 48. Bg4+ f5 49. Bf3 Rc7 50. Rb6 Rc4 51. Ba3 Rxf4 52. Rb7+ Kc8 53. Rxe7 Rfd4 54. Be2 Rxd5 55. Rxh7 Rxa3 56. Bc4 Rd6 57. bxa3 b2 58. Ba2 b1=Q 59. Bxb1 Bxb1 60. Rxh4 Rd3+ 61. Kf4 Rxa3 62. Kg5 Rg3+ 63. Kf4 Rxg2 64. Rh7 Rg4+ 65. Ke5 Re4+ 66. Kd5 f4 67. Rf7 Kd8 68. Kd6 Ke8 69. Rf6 Ba2 70. Kc5 Be6 71. Kd6 Bg4 72. Rg6 Re6+ 73. Rxe6+ Bxe6 74. Ke5 f3 75. Kf4 f2 76. Kg5 f1=Q 0-1


[Site "https://www.chess.com"]

[Event "Titled Tuesday Blitz January 03 Late 2023"]
[White "Janaszak, Dawid"]
[Black "Moreno Perez, Tobias Sebastian"]
[WhiteFideId "1119206"]
[BlackFideId "186716"]
[WhiteElo "2316"]
[BlackElo "2256"]
[Result "1-0"]
[Round "06"]
[TimeControl "180+2"]
[Date "2023.01.03"]
[WhiteClock "0:00:24"]
[BlackClock "0:00:07"]

1. e4 c6 2. d4 d5 3. exd5 cxd5 4. Bd3 Nc6 5. c3 Nf6 6. Bf4 Bg4 7. Qb3 Qd7 8. Nd2 e6 9. Ngf3 Bxf3 10. Nxf3 Bd6 11. Bxd6 Qxd6 12. O-O O-O 13. Rae1 Qc7 14. g3 Rab8 15. Kg2 b5 16. Ne5 Nxe5 17. Rxe5 Nd7 18. Re3 Qc6 19. Qc2 Nf6 20. g4 g6 21. Qe2 b4 22. Qf3 Kg7 23. Qf4 Nd7 24. Rh3 Rh8 25. Qh6+ Kg8 26. Rc1 e5 27. cxb4 Qe6 28. Rc7 exd4 29. Qf4 Qe5 30. Rf3 Qxf4 31. Rxf4 Ne5 32. Rxd4 Nxd3 33. Rxd3 Rxb4 34. Rxa7 Rxb2 35. Rf3 h5 36. Rfxf7 hxg4 37. Rg7+ Kf8 38. Rgd7 Rb8 39. a4 Rh3 40. a5 Ra3 41. a6 d4 42. Rh7 Kg8 43. Rag7+ Kf8 44. Rb7 Rxb7 45. axb7 Rb3 46. Rh8+ Ke7 47. b8=Q Rxb8 48. Rxb8 d3 49. Rb3 d2 50. Rd3 d1=Q 51. Rxd1 g3 52. Kxg3 1-0


[Site "https://www.chess.com"]

[Event "Titled Tuesday Blitz January 03 Late 2023"]
[White "Brilej, Jaka"]
[Black "Lorenzo De La Riva, Lazaro"]
[WhiteFideId "14618818"]
[BlackFideId "2268809"]
[WhiteElo "2321"]
[BlackElo "2404"]
[Result "0-1"]
[Round "06"]
[TimeControl "180+2"]
[Date "2023.01.03"]
[WhiteClock "0:00:05"]
[BlackClock "0:00:11"]

1. d4 e6 2. e4 d5 3. e5 c5 4. c3 Nc6 5. Nf3 Bd7 6. Be2 Nge7 7. O-O cxd4 8. cxd4 Ng6 9. Nc3 Be7 10. Be3 O-O 11. g3 Rc8 12. h4 f6 13. h5 Nh8 14. exf6 Bxf6 15. Bd3 Qe8 16. h6 g6 17. Nb5 Nf7 18. Nh2 a6 19. Ng4 Be7 20. Nc3 Nd6 21. Bf4 Nf5 22. Bxf5 Rxf5 23. Ne3 Rxf4 24. gxf4 Qf7 25. Ne2 Bd6 26. Ng2 Qf8 27. f5 Qxf5 28. Ng3 Qh3 29. Qd2 Rf8 30. Rae1 Bb4 31. Qe3 Bxe1 32. Rxe1 Qg4 33. Ne2 Rf3 34. Qd2 g5 35. Rd1 Be8 36. Ng3 Bg6 37. Qe1 Be4 38. Nxe4 dxe4 39. d5 Ne5 40. dxe6 Rd3 41. Rxd3 Nxd3 42. Qc3 Qd1+ 43. Kh2 Qh5+ 44. Kg1 Qxh6 45. e7 Kf7 46. Qc4+ Kxe7 47. Qxe4+ Kf6 48. Qxd3 Qf8 49. Qf3+ Kg7 50. Qxf8+ Kxf8 51. Ne3 Kg7 52. Kg2 Kf6 53. Kg3 h5 54. Kf3 Ke5 55. Nc2 a5 56. Ke3 b5 57. Nd4 b4 58. Nc6+ Kf5 59. Nxa5 Kg4 60. Nc6 h4 61. Ne5+ Kh3 62. Nf3 g4 63. Ng5+ Kg2 64. f3 h3 65. Ne4 h2 66. Nf2 g3 67. Ne4 h1=Q 68. a4 Qe1+ 69. Kf4 Qc1+ 70. Kg4 Qxb2 71. Nxg3 Qg7+ 72. Kf4 Qxg3+ 73. Ke4 Qc7 0-1


[Site "https://www.chess.com"]

[Event "Titled Tuesday Blitz January 03 Late 2023"]
[White "Yurovskykh, Oleksandr"]
[Black "Della Corte, Alessandro"]
[WhiteFideId "14134020"]
[BlackFideId "813540"]
[WhiteElo "2328"]
[BlackElo "2160"]
[Result "1-0"]
[Round "06"]
[TimeControl "180+2"]
[Date "2023.01.03"]
[WhiteClock "0:01:01"]
[BlackClock "0:00:49"]

1. d4 d5 2. Bf4 Nf6 3. e3 Bg4 4. f3 Bd7 5. c4 e6 6. Nc3 Bb4 7. Qb3 Nc6 8. a3 Bxc3+ 9. Qxc3 O-O 10. Bg5 h6 11. Bh4 Re8 12. f4 Qe7 13. Nf3 Ne4 14. Bxe7 Nxc3 15. Bh4 Ne4 16. Bd3 Nd6 17. c5 Nf5 18. Bf2 a6 19. b4 Nce7 20. a4 Ng6 21. g4 Nfe7 22. h4 f6 23. h5 Nf8 24. Rg1 Nh7 25. Kd2 Nc6 26. Kc3 e5 27. Nh4 e4 28. Be2 Nf8 29. g5 hxg5 30. fxg5 fxg5 31. Rxg5 Ne6 32. Rxd5 Rad8 33. Bc4 Ne7 34. Rxd7 1-0


[Site "https://www.chess.com"]

[Event "Titled Tuesday Blitz January 03 Late 2023"]
[White "Estrada Nieto, Julian"]
[Black "Berezin, Viktor"]
[WhiteFideId "5101018"]
[BlackFideId "14107872"]
[WhiteElo "2215"]
[BlackElo "2307"]
[Result "0-1"]
[Round "06"]
[TimeControl "180+2"]
[Date "2023.01.03"]
[WhiteClock "0:00:15"]
[BlackClock "0:00:10"]

1. e4 g6 2. d4 Bg7 3. Nf3 d6 4. Nc3 Nf6 5. Be2 O-O 6. O-O Nc6 7. Be3 e5 8. d5 Ne7 9. Ne1 Nd7 10. Nd3 f5 11. f4 fxe4 12. Nxe4 Nxd5 13. Bd2 Nxf4 14. Nxf4 exf4 15. Bxf4 Ne5 16. Bg5 Rxf1+ 17. Qxf1 Qe8 18. Nf6+ Bxf6 19. Qxf6 Bf5 20. Rf1 Qf7 21. Qxf7+ Nxf7 22. Bf4 Kg7 23. Bf3 c6 24. c3 Re8 25. h4 d5 26. Kf2 Nh6 27. Be3 b6 28. Re1 Ng4+ 29. Bxg4 Bxg4 30. a4 Bf5 31. a5 bxa5 32. Bxa7 Rxe1 33. Kxe1 a4 34. Kd2 Kf6 35. Ke3 Ke5 36. Bb8+ Ke6 37. Kd4 Be4 38. g3 Bc2 39. Kc5 Kd7 40. Be5 Bb3 41. Bf4 Bc2 42. Kd4 Ke6 43. Kc5 Kd7 44. g4 Bd1 45. g5 Bf3 46. Kd4 Ke6 47. Kc5 Kd7 48. Be3 Be2 49. Bd4 Bb5 50. Kb4 Ke6 51. Kc5 Kf5 52. Kd6 Kf4 53. Ke6 Kg3 54. Kf6 Kxh4 55. Be3 Kg4 56. Kg7 Kf5 57. Kxh7 Bd3 58. Kg7 Ke5 59. Bc5 Kf4 60. Be7 Ke5 61. Kf7 Bf5 62. Bc5 Kf4 63. Be7 Ke4 64. Bf6 Kd3 65. Ke7 Kc2 66. Kd6 Kxb2 67. c4+ Kb3 68. cxd5 cxd5 69. Kxd5 a3 70. Kd6 a2 71. Bd4 Kc2 72. Ke5 Kb1 73. Kf6 a1=Q 74. Bxa1 Kxa1 75. Ke5 Kb2 76. Kf4 Kc3 77. Ke5 Kd3 78. Kf4 Kd4 79. Kf3 Kd5 80. Kf4 Ke6 81. Ke3 Ke5 82. Kf3 Be6 83. Kg3 Kf5 84. Kh4 Bf7 85. Kg3 Kxg5 86. Kf3 Kf5 87. Kg3 g5 88. Kf3 Bg6 89. Kg3 g4 90. Kf2 Kf4 91. Kg1 Be4 92. Kh2 g3+ 93. Kh3 g2 94. Kh2 Kf3 95. Kg1 Bd5 96. Kh2 Kf2 97. Kh3 g1=Q 0-1


[Site "https://www.chess.com"]

[Event "Titled Tuesday Blitz January 03 Late 2023"]
[White "Andreev, Eduard"]
[Black "Seletsky, Grigory"]
[WhiteFideId "14103400"]
[BlackFideId "14112191"]
[WhiteElo "2413"]
[BlackElo "2259"]
[Result "1-0"]
[Round "06"]
[TimeControl "180+2"]
[Date "2023.01.03"]
[WhiteClock "0:00:31"]
[BlackClock "0:00:11"]

1. Nf3 d5 2. g3 Nf6 3. Bg2 c6 4. O-O Bf5 5. d4 e6 6. c4 h6 7. Qb3 Qb6 8. Nc3 Nbd7 9. c5 Qxb3 10. axb3 a6 11. b4 Rc8 12. Nd2 Be7 13. Nb3 Bd8 14. Bf4 Bc7 15. Bd6 Bxd6 16. cxd6 Kd8 17. Nc5 Rb8 18. f3 Nxc5 19. bxc5 Nd7 20. e4 Bg6 21. b4 Re8 22. e5 Bd3 23. Rfd1 Bc4 24. Kf2 f6 25. f4 f5 26. h3 g5 27. Bf3 Rg8 28. Ke3 Nf8 29. Rg1 Ng6 30. Bh5 Kd7 31. Na4 Rbf8 32. Nb6+ Kd8 33. Nxc4 dxc4 34. Rac1 gxf4+ 35. gxf4 Nh4 36. Bf7 Rxg1 37. Rxg1 Rxf7 38. Rg8+ Kd7 39. Rb8 Ng6 40. Rxb7+ Ke8 41. Rb8+ Kd7 42. Ra8 Rf8 43. Ra7+ Ke8 44. Rxa6 Kf7 45. Rxc6 Ra8 46. Rc7+ Ke8 47. b5 Ra3+ 48. Kd2 Nxf4 49. b6 Nd5 50. b7 Ra2+ 51. Kc1 Nxc7 52. dxc7 1-0


[Site "https://www.chess.com"]

[Event "Titled Tuesday Blitz January 03 Late 2023"]
[White "gshwbedhkhd"]
[Black "Urbina Perez, Juan Antonio"]
[BlackFideId "2217368"]
[WhiteElo "2511"]
[BlackElo "2266"]
[Result "1/2-1/2"]
[Round "06"]
[TimeControl "180+2"]
[Date "2023.01.03"]
[WhiteClock "0:00:02"]
[BlackClock "0:00:16"]

1. e4 e6 2. d4 d5 3. Bd3 dxe4 4. Bxe4 Nf6 5. Bf3 Bd6 6. Ne2 O-O 7. O-O Nbd7 8. Nbc3 c6 9. Ng3 Qc7 10. Re1 Re8 11. Nce4 Nxe4 12. Bxe4 Nf6 13. Bd3 c5 14. dxc5 Bxc5 15. Qf3 Bd7 16. Bf4 Qb6 17. Be5 Bc6 18. Qf4 Be7 19. Qh4 h6 20. Qd4 Qxd4 21. Bxd4 Red8 22. Bc3 Nd5 23. Bd2 Bf6 24. Rab1 Be7 25. Ne4 Nf6 26. Nxf6+ Bxf6 27. Be3 b6 28. f3 Rd7 29. Kf2 Rad8 30. Ke2 Bd4 31. Bxd4 Rxd4 32. a3 Kf8 33. Rbd1 Ke7 34. Rd2 Bb5 35. Red1 Bxd3+ 36. Rxd3 Rxd3 37. Rxd3 Rc8 38. c3 Rc5 39. f4 Rb5 40. b4 a5 41. h4 h5 42. g3 axb4 43. cxb4 f6 44. Kf3 g5 45. hxg5 fxg5 46. Ke4 Rf5 47. Rc3 gxf4 48. gxf4 h4 49. Rc7+ Kd6 50. Rh7 Rf8 51. Rxh4 Ra8 52. Rh6 Kd7 53. Ke5 Rxa3 54. Rh7+ Kc6 55. Kxe6 Re3+ 56. Kf6 Kb5 57. f5 Kxb4 58. Kg7 b5 59. f6 Rf3 60. f7 Kc4 61. Rh4+ Kc5 62. Rh5+ Kc4 63. Rh6 Rxf7+ 64. Kxf7 b4 65. Ke6 b3 66. Rh4+ Kc3 67. Rh3+ Kc2 68. Rxb3 Kxb3 1/2-1/2


[Site "https://www.chess.com"]

[Event "Titled Tuesday Blitz January 03 Late 2023"]
[White "Carbone, Diego"]
[Black "Andrews, Todd"]
[WhiteFideId "3002179"]
[BlackFideId "2012456"]
[WhiteElo "2336"]
[BlackElo "2220"]
[Result "0-1"]
[Round "06"]
[TimeControl "180+2"]
[Date "2023.01.03"]
[WhiteClock "0:00:03"]
[BlackClock "0:00:09"]

1. d4 d5 2. c4 e5 3. dxe5 d4 4. Nf3 Nc6 5. a3 a5 6. Nbd2 Nge7 7. Nb3 Nf5 8. Bf4 a4 9. Nbd2 Be7 10. Qc2 O-O 11. Ne4 h6 12. g4 Nh4 13. Nxh4 Bxh4 14. O-O-O Be6 15. Rg1 Bg5 16. e3 Bxf4 17. exf4 Na5 18. f5 Nb3+ 19. Kb1 Bd7 20. Bd3 Bc6 21. f6 Re8 22. fxg7 Rxe5 23. f4 Re8 24. g5 hxg5 25. Nxg5 Qd7 26. Ne6 fxe6 27. Bh7+ Kf7 28. Qg6+ Ke7 29. g8=Q Rxg8 30. Bxg8 d3 31. Rge1 Nc5 32. Re5 Rf8 33. Rxc5 d2 34. Re5 Bf3 35. Rxe6+ Kd8 0-1


[Site "https://www.chess.com"]

[Event "Titled Tuesday Blitz January 03 Late 2023"]
[White "Forgacs, Attila Jr."]
[Black "Kulkarni, Rakesh"]
[WhiteFideId "773654"]
[BlackFideId "5037077"]
[WhiteElo "2264"]
[BlackElo "2321"]
[Result "0-1"]
[Round "06"]
[TimeControl "180+2"]
[Date "2023.01.03"]
[WhiteClock "0:00:11"]
[BlackClock "0:01:32"]

1. e4 d5 2. exd5 c6 3. dxc6 Nxc6 4. c3 e5 5. Nf3 e4 6. Ng1 Bc5 7. d4 exd3 8. Qxd3 Qe7+ 9. Be3 Nf6 10. Be2 O-O 11. Nf3 Rd8 12. Bxc5 Qxc5 13. Qc2 Bf5 14. Qa4 Re8 15. Kf1 Rxe2 16. Kxe2 Re8+ 17. Kf1 Ng4 18. Qxg4 Bxg4 19. Nbd2 Qb5+ 20. Kg1 Qxb2 21. Rf1 Bxf3 22. Nxf3 Qxc3 23. h4 Nd4 24. Rh3 Nxf3+ 25. Rxf3 Qc4 26. Rd1 h6 27. g3 Qxa2 28. Rd7 b5 29. Rb7 a6 30. Ra7 Qe6 31. Re3 Qc6 32. Rxe8+ Qxe8 33. Rxa6 Qb8 34. Ra3 b4 35. Rb3 Qb5 36. f3 Qc5+ 37. Re3 Qxe3+ 0-1


[Site "https://www.chess.com"]

[Event "Titled Tuesday Blitz January 03 Late 2023"]
[White "Reprintsev, Alexander"]
[Black "Dudzinski, Pawel"]
[WhiteFideId "14100541"]
[BlackFideId "1117890"]
[WhiteElo "2253"]
[BlackElo "2186"]
[Result "0-1"]
[Round "06"]
[TimeControl "180+2"]
[Date "2023.01.03"]
[WhiteClock "0:00:02"]
[BlackClock "0:00:04"]

1. e4 c6 2. Nc3 d5 3. Nf3 dxe4 4. Nxe4 Nf6 5. Qe2 Nxe4 6. Qxe4 Qa5 7. c3 Bf5 8. Qf4 e6 9. d4 Be7 10. Be2 O-O 11. O-O Nd7 12. a4 Qd8 13. b4 a5 14. b5 c5 15. Rd1 cxd4 16. Nxd4 Bg6 17. Qf3 Qc8 18. Bf1 Ne5 19. Qg3 Nc4 20. Nf3 Bf6 21. Bg5 Nb2 22. Bxf6 Nxd1 23. Bd4 Nxc3 24. Ne5 Ne4 25. Qe3 Nf6 26. Rc1 Qd8 27. Bb6 Nd5 28. Bxd8 Nxe3 29. Be7 Rfe8 30. fxe3 Rxe7 31. Be2 f6 32. Nc4 Rc8 33. Rd1 e5 34. Nxa5 Ra8 35. Bc4+ Bf7 36. Bxf7+ Kxf7 37. Nc4 Rxa4 38. Nd6+ Ke6 39. Nc8 Rb4 40. Rd6+ Kf7 41. Nxe7 Kxe7 42. Rb6 g5 43. Rxb7+ Ke6 44. h3 Kf5 45. Kf2 Ke4 46. Rb6 Rb2+ 47. Kg3 f5 48. Rb8 f4+ 49. exf4 gxf4+ 50. Kg4 Rxg2+ 51. Kh5 f3 52. b6 Rb2 53. Kg4 f2 54. Rf8 Ke3 55. Kg3 Rxb6 56. Rf3+ Ke4 57. Rxf2 Rg6+ 58. Kh4 Ke3 59. Rf5 e4 60. Rf7 h6 61. Kh5 Rd6 0-1


[Site "https://www.chess.com"]

[Event "Titled Tuesday Blitz January 03 Late 2023"]
[White "Novikova, Galina"]
[Black "Fisher_TheGalactic"]
[WhiteFideId "4157095"]
[WhiteElo "2073"]
[BlackElo "2492"]
[Result "1-0"]
[Round "06"]
[TimeControl "180+2"]
[Date "2023.01.03"]
[WhiteClock "0:00:04"]
[BlackClock "0:00:01"]

1. e4 e6 2. Nf3 d5 3. e5 c5 4. b4 cxb4 5. a3 bxa3 6. Nxa3 a6 7. c3 Nc6 8. d4 Nge7 9. Bd3 Bd7 10. O-O Ng6 11. Bd2 Be7 12. Ne1 b5 13. Nac2 Na5 14. Ne3 Nc4 15. Nxc4 bxc4 16. Bc2 O-O 17. f4 a5 18. f5 exf5 19. Bxf5 Bxf5 20. Rxf5 Qd7 21. Rf1 a4 22. Nc2 Rfb8 23. Qf3 Qe6 24. Ne3 Rb3 25. Nxd5 Ra7 26. Nf4 Nxf4 27. Bxf4 Rb5 28. Rfb1 Qb6 29. Qe4 a3 30. Rxb5 Qxb5 31. Qb1 Qb3 32. h3 a2 33. Qe1 g5 34. Be3 Ba3 35. d5 Rd7 36. e6 fxe6 37. dxe6 Rd3 38. e7 Bxe7 39. Bd4 Bf8 40. Qe6# 1-0


[Site "https://www.chess.com"]

[Event "Titled Tuesday Blitz January 03 Late 2023"]
[White "Bochnicka, Vladimir"]
[Black "Chernov, Mikhail"]
[WhiteFideId "14943450"]
[BlackFideId "24143170"]
[WhiteElo "2327"]
[BlackElo "2205"]
[Result "0-1"]
[Round "06"]
[TimeControl "180+2"]
[Date "2023.01.03"]
[WhiteClock "0:00:18"]
[BlackClock "0:00:53"]

1. e4 c5 2. Nf3 Nc6 3. d4 cxd4 4. Nxd4 Nf6 5. Nc3 d6 6. f3 e5 7. Nb3 Be7 8. Be3 O-O 9. Qd2 a5 10. a4 Nb4 11. O-O-O Be6 12. Kb1 Rc8 13. g4 Nd7 14. h4 Nb6 15. Bb5 Nc4 16. Bxc4 Rxc4 17. g5 d5 18. exd5 Bf5 19. Rc1 Qd7 20. Nxa5 Rxc3 21. Qxc3 Qxa4 22. Qa3 Bxc2+ 23. Ka1 Qb5 24. Bd2 Ra8 25. Rxc2 Nxc2+ 0-1


[Site "https://www.chess.com"]

[Event "Titled Tuesday Blitz January 03 Late 2023"]
[White "aidenzhouu"]
[Black "ArchibaldCerveza29"]
[WhiteElo "2395"]
[BlackElo "2509"]
[Result "0-1"]
[Round "06"]
[TimeControl "180+2"]
[Date "2023.01.03"]
[WhiteClock "0:00:08"]
[BlackClock "0:00:15"]

1. d4 d5 2. Bf4 c5 3. e3 Nc6 4. Nf3 Nf6 5. Nbd2 g6 6. c3 Bg7 7. Ne5 O-O 8. Be2 Qb6 9. b3 cxd4 10. exd4 Nxd4 11. Be3 Ne8 12. cxd4 f6 13. Nd3 Bf5 14. O-O Nd6 15. Nc5 Rac8 16. Bg4 Bxg4 17. Qxg4 Rfe8 18. Qe6+ Kh8 19. Rfc1 Nf5 20. Qxb6 axb6 21. Nd3 e5 22. dxe5 fxe5 23. Rxc8 Rxc8 24. Rc1 Ra8 25. Bxb6 h5 26. a4 Bh6 27. Rc2 e4 28. Ne5 Kg7 29. Nf1 d4 30. Ng3 Nxg3 31. hxg3 d3 32. Rc7+ Kf6 33. Nd7+ Kf5 34. Rc5+ Ke6 35. Re5+ Kxd7 36. Rxe4 d2 37. Rd4+ Kc6 38. a5 Re8 39. Rc4+ Kb5 40. Rd4 Re1+ 41. Kh2 d1=Q 0-1


[Site "https://www.chess.com"]